 Dungeon Crawl Stone Soup version 0.31.0-12-g77e489cdc1 (webtiles) character file.

Game seed: 3877561802568316877

36 Metae the Trooper (level 3, -3/33 HPs)
             Began as a Minotaur Fighter on Feb 14, 2024.
             Slain by Sigmund
             ... wielding a +0 scythe
              (6 damage)
             ... on level 2 of the Dungeon.
             The game lasted 00:02:40 (720 turns).

Metae the Trooper (Minotaur Fighter)                 Turns: 720, Time: 00:02:41

Health: -3/33      AC:  7    Str: 22    XL:     3   Next: 19%
Magic:  2/2        EV:  9    Int:  5    God:
Gold:   48         SH:  4    Dex:  9    Spells: 2/2 levels left

rFire   . . .        a - +0 rapier
rCold   . . .        c - +0 buckler
rNeg    . . .        b - +0 scale mail
rPois   .            (helmet restricted)
rElec   .            f - scarf {repulsion}
rCorr   .            (no gloves)
SInv    .            (no boots)
Will    .....        (no amulet) Stlth
                     (no ring)
HPRegen 0.25/turn    (no ring)
MPRegen 0.08/turn

%: repel missiles
@: mighty
A: horns 2, retaliatory headbutt
a: no special abilities


You were on level 2 of the Dungeon.
You visited 1 branch of the dungeon, and saw 2 of its levels.

You collected 48 gold pieces.

Inventory:

Hand Weapons
 a - a +0 rapier (weapon)
Armour
 b - a +0 scale mail (worn)
 c - a +0 buckler (worn)
 f - a scarf of repulsion (worn)
Scrolls
 j - a scroll of identify {unknown}
Potions
 e - a potion of degeneration {unknown}
 g - a potion of cancellation {unknown}
 h - a potion of mutation {unknown}
 i - a potion of curing {unknown}


   Skills:
 + Level 4.0 Fighting
 + Level 2.6 Short Blades
 + Level 4.0 Armour
 + Level 1.1 Dodging
 + Level 4.0 Shields


You had 2 spell levels left.
You didn't know any spells.
Your spell library was empty.

Dungeon Overview and Level Annotations

Branches:
Dungeon (2/15)

Altars:

Annotations:
D:2 Sigmund


Innate Abilities, Weirdness & Mutations

You have a pair of horns on your head.
You reflexively headbutt those who attack you in melee.


Message History

The puff of flame is repelled.
A puff of flame appears from out of thin air!
The puff of flame hits you. The hobgoblin barely misses you.
The hobgoblin hits you but does no damage.
The kobold throws a stone.
You block the stone. You block the hobgoblin's attack.
The hobgoblin attacks as it pursues you!
The hobgoblin barely misses you.
The hobgoblin attacks as it pursues you!
The hobgoblin hits you but does no damage.
The hobgoblin attacks as it pursues you!
The hobgoblin hits you.
The hobgoblin attacks as it pursues you!
The hobgoblin hits you but does no damage.
You barely miss the hobgoblin. You block the hobgoblin's attack.
You completely miss the hobgoblin. The hobgoblin barely misses you.
You hit the hobgoblin.
The hobgoblin is almost dead.
The hobgoblin hits you but does no damage.
You hit the hobgoblin.
You kill the hobgoblin!
The kobold throws a stone.
The stone closely misses you.
A magic dart appears from out of thin air!
The magic dart hits you. The kobold hits you with a +0 dagger.
Something hits you!
* * * LOW HITPOINT WARNING * * *
You see here a hobgoblin corpse.
You barely miss the kobold. The kobold hits you with a +0 dagger.
* * * LOW HITPOINT WARNING * * *
Something hits you but does no damage. The kobold attacks as it pursues you!
The kobold hits you but does no damage.
You feel very mighty all of a sudden. The kobold hits you but does no damage.
You barely miss the kobold. The kobold closely misses you.
Something hits you but does no damage.
You puncture the kobold!
You kill the kobold!
Something hits you.
You die...

...# ....### ###
.....###.. #######
#...##...
###.....####### #.(....
#.........>...###......
#...w{.........#.{...
#..###)######..........
#@.# #######.... ##..#
#..!. ### #..... ####..
###### #..... #.....
#..... #.....


You could see a ribbon worm.

Vanquished Creatures
  A dart slug (D:2)
  2 ball pythons
  5 bats
  2 endoplasms
  A giant cockroach (D:1)
  3 goblins
  6 hobgoblins
  4 jackals (D:1)
  3 kobolds
  2 rats (D:1)
29 creatures vanquished.

Notes
Turn   | Place    | Note
-------+----------+-------------------------------------------
     0 | D:1      | Metae the Minotaur Fighter began the quest for the Orb.
     0 | D:1      | Reached XP level 1. HP: 19/19 MP: 0/0
   216 | D:1      | Reached XP level 2. HP: 19/27 MP: 1/1
   373 | D:1      | Reached skill level 1 in Dodging
   653 | D:2      | Reached XP level 3. HP: 33/33 MP: 2/2
   678 | D:2      | Noticed Sigmund
   720 | D:2      | Slain by Sigmund

Illustrated notes

Levels and vault maps discovered:
D:1:      beargit_arrival_diablo_church, layout_basic, serial_bayou_lagoon_b
D:2:      kennysheep_the_goblin_king, layout_rooms, basic_altar, uniq_sigmund

Skill      XL: |  1  2  3 |
---------------+----------+-----
Dodging        | 1 |  1.1
Fighting       | 4 |  4.0
Armour         | 4 |  4.0
Shields        | 4 |  4.0
Short Blades   | |  2.6

Action                     || total
---------------------------++-------
  Melee: Rapier            ||    76
         Headbutt          ||     9
    Use: Potion            ||     1
 Armour: Scale mail        ||    70
  Dodge: Dodged            ||    53
         Repelled          ||     2
  Block: Buckler           ||    13
